 Dungeon Crawl Stone Soup version 0.29.0-11-gd7f09526c8 (webtiles) character file.

Game seed: 1428396571744546372

869 greasedhog the Covert (level 7, 0/44 HPs)
             Began as a Vampire Abyssal Knight on Sept 2, 2022.
             Was a High Priest of Lugonu.
             Constricted to death by a ball python (1 damage)
             ... in a sewer.
             The game lasted 00:06:30 (5094 turns).

greasedhog the Covert (Vampire Abyssal Knight)      Turns: 5094, Time: 00:06:30

Health: 0/44       AC:  4    Str: 12    XL:     7   Next: 73%
Magic:  8/8        EV:  9    Int: 13    God:    Lugonu [*****.]
Gold:   235        SH:  0    Dex: 16    Spells: 6/6 levels left

rFire   + . .      SeeInvis +   g - +3 rapier (drain)
rCold   + + +      Faith    .   (no shield)
rNeg    + + +      Spirit   .   b - +0 leather armour
rPois   ∞          Reflect  .   (no helmet)
rElec   .          Harm     .   d - scarf {rC+ rF+}
rCorr   .          Rampage  .   s - +0 pair of gloves
Will    .....                   (no boots)
Stlth   ++++++....              i - amulet of the acrobat
HPRegen 0.00/turn               (no ring)
MPRegen 0.11/turn               (no ring)

@: bloodless, inhibited regen, hasted, constricted, very quick
A: bloodless, fangs 3, see invisible, vampiric 2
a: Bat Form, Revivify, Renounce Religion, Depart the Abyss, Bend Space, Banish,
Corrupt, Enter the Abyss


You were in a sewer.
You worshipped Lugonu.
Lugonu was extremely pleased with you.
You visited 1 branch of the dungeon, and saw 5 of its levels.
You visited the Abyss 1 time.
You also visited: Sewer.

You collected 235 gold pieces.

Inventory:

Hand Weapons
 g - a +3 rapier of draining (weapon)
Armour
 b - a +0 leather armour (worn)
 d - a scarf of resistance (worn)
 s - a +0 pair of gloves (worn)
Jewellery
 i - an amulet of the acrobat (around neck)
 u - an amulet of magic regeneration
Wands
 x - a wand of polymorph (14)
Scrolls
 a - 3 scrolls of teleportation
 f - 2 scrolls of amnesia
 h - a scroll of brand weapon
 j - 2 scrolls of blinking
 k - 3 scrolls of fear {unknown}
 o - 2 scrolls of poison {unknown}
 p - a scroll of fog {unknown}
 r - a scroll of enchant weapon {unknown}
Potions
 c - a potion of magic
 e - 2 potions of haste
 l - a potion of attraction {unknown}
 m - 3 potions of might {unknown}
 n - 2 potions of resistance {unknown}
 q - a potion of degeneration {unknown}
 t - 2 potions of berserk rage
 v - 2 potions of flight {unknown}
 w - a potion of curing {unknown}


   Skills:
 * Level 4.5 Fighting
 - Level 5.5 Short Blades
 - Level 1.0 Armour
 - Level 2.1 Dodging
 * Level 9.5 Stealth
 - Level 1.5 Invocations


You had 6 spell levels left.
You didn't know any spells.
Your spell library contained the following spells:

 Spells                   Type           Power      Damage    Failure   Level
 Sting                    Tmut/Pois      0%         1d3       36%         1
 Poisonous Vapours        Pois/Air       0%         N/A       52%         2
 Static Discharge         Conj/Air       0%         3-3/arc   52%         2
 Olgreb's Toxic Radiance  Pois           0%         N/A       98%         4
 Lightning Bolt           Conj/Air       0%         1d11      100%        5
 Maxwell's Capacitive Co  Air            0%         ∞         100%        8


Dungeon Overview and Level Annotations

Branches:
Dungeon (5/15)              Sewer (1/1)
 Temple: D:4-7

Altars:
Dithmenos
Kikubaaqudgha
Sif Muna

Annotations:
D:4 2 transporters
D:5 Prince Ribbit


Innate Abilities, Weirdness & Mutations

You do not regenerate when monsters are visible.
You are frail without blood (-20% HP).
You can heal yourself when you bite living creatures.
You are immune to poison.
You have razor-sharp teeth.
You have supernaturally acute eyesight. (SInv)
You are afflicted with vampirism and can become a bat while bloodless.


Message History

The bullfrog hits you!
* * * LOW HITPOINT WARNING * * *
Unknown command.
Okay, then.
You escape the ball python's grasp.
The bullfrog attacks as you move away! The bullfrog closely misses you.
You enter the shallow water.
Moving in this stuff is going to be slow.
The frilled lizard attacks as you move away!
The frilled lizard completely misses you.
The bullfrog closely misses you.
The frilled lizard bites you but does no damage.
The bullfrog completely misses you.
You puncture the bullfrog! You drain the bullfrog.
The bullfrog is almost dead.
The frilled lizard closely misses you. The bullfrog misses you.
The frilled lizard attacks as you move away!
The frilled lizard closely misses you.
You closely miss the bullfrog. The bullfrog hits you.
* * * LOW HITPOINT WARNING * * *
Unknown command.
It was a potion of haste.
You feel yourself speed up. The bullfrog misses you.
The frilled lizard closely misses you.
The bullfrog hits you but does no damage.
You hit the bullfrog.
You kill the bullfrog!
Lugonu accepts your kill. The bullfrog closely misses you.
You hit the bullfrog.
The bullfrog is lightly wounded.
The bullfrog hits you.
* * * LOW HITPOINT WARNING * * *
The frilled lizard bites you but does no damage.
The ball python bites you but does no damage.
The ball python grabs you. The ball python constricts you.
You hit the bullfrog. You drain the bullfrog. Your bite misses the bullfrog.
The bullfrog is heavily wounded.
The bullfrog barely misses you. The frilled lizard barely misses you.
The ball python bites you but does no damage.
The ball python constricts you.
You die...

##.~~##.~.##≈~~...~~≈≈≈##~~†##~~
#.~~.#~~~~#≈~~.)$[.~~~≈≈#.†~~#~~
#∩.~~#~.~~#~~.?)?.~.~~.≈#~~~~#~~
#...~#~~~~#~~~~$~~~~~~≈≈#~~~~#~.
##~~~##~~~#~~...~~~.~≈≈##~~.##.~
#~.~~#.~~#~~.~.~~~~≈≈##.~~~#~~~
##~.~##~~##~.#~~~≈≈###~~~~##~~.
#~~~~##~~#~~#######~~~~~##~.~~
##~~~~#~~##SS@~~.~.~~~###.~.~#
##.~~.~~.#.lF~~~~~####~~~~~##
####~~~#######~∩.#~~~~~~~##
##~.#~~~~†#####~~†~#####
####~~~~~~~~~~~####~~∩#
#~~.#########~...~#
#~.~..~.~~~~..∩.#
#~~~~~.~~~~.##### #############


You could see a bullfrog (drained), 2 ball pythons and a frilled lizard.

Vanquished Creatures
  Grinder (D:3)
  Blork the orc (D:5)
  A bullfrog (Sewer)
  3 scorpions
  2 hounds (D:4)
  An iguana (D:4)
  Jessica (D:3)
  8 gnolls
  5 adders
  3 worms
  3 dart slugs
  5 orcs (D:5)
  9 ball pythons
  6 bats
  16 endoplasms
  12 giant cockroaches
  3 hobgoblins (D:4)
  11 jackals
  8 kobolds
  10 quokkas
  7 frilled lizards
  4 goblins
  5 rats
125 creatures vanquished.

Vanquished Creatures (others)
  A fungus (D:1)
  5 plants (D:1)
  5 toadstools (D:1)
11 creatures vanquished.

Grand Total: 136 creatures vanquished

Notes
Turn   | Place    | Note
-------+----------+-------------------------------------------
     0 | Abyss:1  | greasedhog the Vampire Abyssal Knight began the quest for
                  | the Orb.
     0 | Abyss:1  | Reached XP level 1. HP: 17/17 MP: 2/2
     1 | D:1      | Escaped the Abyss
   237 | D:1      | Reached skill level 1 in Stealth
   289 | D:1      | Reached skill level 1 in Armour
   368 | D:1      | Reached XP level 2. HP: 14/23 MP: 3/3
   404 | D:1      | You fall into a shaft and drop 1 floor!
   444 | D:2      | Reached skill level 2 in Stealth
   716 | D:1      | Gained mutation: You are afflicted with vampirism and can
                  | become a bat while bloodless. [Vampire growth]
   716 | D:1      | Reached XP level 3. HP: 22/22 MP: 4/4
   727 | D:1      | Reached skill level 3 in Stealth
   873 | D:1      | Reached *** piety under Lugonu
   982 | D:1      | Found a faded altar of an unknown god.
  1176 | D:2      | Noticed a scorpion
  1200 | D:2      | Killed a scorpion
  1201 | D:2      | Reached skill level 4 in Stealth
  1201 | D:2      | Reached XP level 4. HP: 27/27 MP: 5/5
  1473 | D:2      | Reached skill level 5 in Stealth
  1475 | D:2      | Reached XP level 5. HP: 14/31 MP: 6/6
  2433 | D:3      | Noticed Jessica
  2440 | D:3      | Killed Jessica
  2567 | D:3      | Noticed Grinder
  2584 | D:3      | Paralysed by Grinder for 5 turns
  2593 | D:3      | Paralysed by Grinder for 3 turns
  2871 | D:3      | Killed Grinder
  2872 | D:3      | Reached skill level 5 in Short Blades
  2872 | D:3      | Reached skill level 7 in Stealth
  2872 | D:3      | Reached XP level 6. HP: 35/36 MP: 7/7
  3345 | D:3      | Found a shadowy altar of Dithmenos.
  3405 | D:4      | Reached **** piety under Lugonu
  3472 | D:4      | Found an ancient bone altar of Kikubaaqudgha.
  3539 | D:4      | Found a transporter.
  3595 | D:4      | Found a transporter.
  3655 | D:4      | Found a shimmering blue altar of Sif Muna.
  3974 | D:4      | Reached skill level 8 in Stealth
  3974 | D:4      | Reached XP level 7. HP: 41/41 MP: 8/8
  4396 | D:5      | Entered Level 5 of the Dungeon
  4402 | D:5      | Noticed Blork the orc
  4409 | D:5      | Killed Blork the orc
  4410 | D:5      | Reached skill level 9 in Stealth
  4483 | D:5      | Found a glowing drain.
  4507 | D:5      | Noticed Prince Ribbit
  4517 | Sewer    | Entered a sewer
  4796 | Sewer    | Reached ***** piety under Lugonu
  5093 | Sewer    | HP: 1/44 [bullfrog (6)]
  5094 | Sewer    | Constricted to death by a ball python

Illustrated notes

Levels and vault maps discovered:
D:1:      ldierk_walled_garden, layout_loops_ring,
          dreamdust_ecumenical_altar_grove
D:2:      layout_loops_ring
D:3:      layout_basic, mainiacjoe_overflow_alcove_1, uniq_grinder, uniq_jessica
D:4:      gammafunk_steamed_eel, layout_gridville,
          nicolae_kikubaaqudgha_miasma_corner, mainiacjoe_overflow_tiny_flanked,
          hangedman_abyss_or_decor_stagger, nrook_mini_backslash,
          serial_park_tiny_1
D:5:      layout_loops_cross, gup_sewer_entry_glass, enter_ossuary_1,
          chequers_serial_rivers_marsh, uniq_blork_the_orc, uniq_prince_ribbit1
Sewer:    sewer_frog_island_02

Skill      XL: |  1  2  3  4  5  6  7 |
---------------+----------------------+-----
Stealth        | 1 2 4 5 7 8 9 |  9.5
Armour         | 1 |  1.0
Short Blades   | 3 4 5 |  5.5
Fighting       | 3 4 |  4.5
Dodging        | |  2.1
Invocations    | |  1.5

Action                   |  1- 3 |  4- 6 |  7- 9 || total
-------------------------+-------+-------+-------++-------
Melee: Short sword       |    25 |       |       ||    25
       Bite              |     3 |     6 |     5 ||    14
       Rapier            |    42 |   115 |   123 ||   280
 Abil: Exsanguinate      |     1 |       |       ||     1
  Use: Scroll            |       |     4 |       ||     4
       Potion            |       |     4 |     1 ||     5
 Stab: Sleeping          |     8 |    13 |    18 ||    39
Armor: Leather armour    |    13 |    17 |    40 ||    70
Dodge: Dodged            |    33 |    40 |   114 ||   187
